[ AOE2 MATCH · #505851625 ]
UnrankedDravidians vs Teutons
Player's team · LOSS
Rival team · WIN
[ REPLAY ANALYSIS · EXTRACTED FROM THE RECORDED GAME ]
Feudal
9:25
Castle
21:36
Imperial
—
| APM avg | 21.1 |
| APM peak | 46 |
| eAPM avg | 12.7 |
| Villagers / military | 53 / 36 |
Focus
⚔️ 25.2% · 🌾 74.8%
Spearman ×12 · Elephant Archer ×10 · Scout Cavalry ×7 · Battle Elephant ×6 · Armored Elephant ×1
Feudal
9:42
Castle
22:24
Imperial
—
| APM avg | 38.9 |
| APM peak | 94 |
| eAPM avg | 20.9 |
| Villagers / military | 96 / 70 |
Focus
⚔️ 29.7% · 🌾 70.3%
Knight ×47 · Scout Cavalry ×13 · Monk ×5 · Spearman ×5
Match map
Initial resources + every placement click. Lines = walls · curves = elevation contours. ◆ gold · ⬟ stone · ● berries · ✦ relic · ◌ wall gap
Your base· Open — 3t gap
LMG_SON SABANDIJAS's base· ✓ Closed at 22:24 · 18t walls · 1 gate(s)
Smoothed initial terrain · ◌ = detected wall gap · hover for details
Inputs per minute
— Snoopy - - LMG_SON SABANDIJAS
Build order — Snoopy
First 150 of 172 actions detected
| 0:00 | Queue | Villager (Male) |
| 0:02 | Build | House |
| 0:04 | Build | House |
| 0:12 | Queue | Villager (Male) |
| 0:12 | Queue | Villager (Male) |
| 0:12 | Queue | Villager (Male) |
| 1:27 | Queue | Villager (Male) |
| 2:02 | Build | Lumber Camp |
| 2:05 | Queue | Villager (Male) |
| 2:18 | Queue | Villager (Male) |
| 2:47 | Queue | Villager (Male) |
| 2:47 | Queue | Villager (Male) |
| 3:15 | Queue | Villager (Male) |
| 3:38 | Queue | Villager (Male) |
| 3:38 | Queue | Villager (Male) |
| 3:42 | Build | House |
| 4:05 | Queue | Villager (Male) |
| 4:06 | Queue | Villager (Male) |
| 5:00 | Queue | Villager (Male) |
| 5:01 | Queue | Villager (Male) |
| 5:01 | Queue | Villager (Male) |
| 5:08 | Build | Mill |
| 5:29 | Queue | Villager (Male) |
| 6:07 | Build | House |
| 6:14 | Queue | Villager (Male) |
| 6:14 | Queue | Villager (Male) |
| 6:21 | Research | Loom |
| 7:15 | Research | Feudal Age |
| 7:37 | Build | Barracks |
| 8:06 | Build | Palisade Wall |
| 8:07 | Build | Palisade Wall |
| 8:19 | Queue | Villager (Male) |
| 8:19 | Queue | Villager (Male) |
| 8:19 | Queue | Villager (Male) |
| 8:20 | Queue | Villager (Male) |
| 8:51 | Build | House |
| 8:59 | Build | Palisade Wall |
| 9:25 | Age | Feudal Age |
| 9:25 | Research | Double-Bit Axe |
| 9:28 | Research | Horse Collar |
| 9:51 | Build | Stable |
| 10:05 | Build | Farm |
| 10:08 | Build | Farm |
| 10:35 | Queue | Villager (Male) |
| 10:37 | Queue | Villager (Male) |
| 10:38 | Queue | Villager (Male) |
| 10:38 | Queue | Villager (Male) |
| 10:45 | Build | Farm |
| 10:58 | Build | Palisade Wall |
| 11:04 | Build | Farm |
| 11:11 | Build | Farm |
| 11:14 | Queue | Scout Cavalry |
| 11:14 | Queue | Scout Cavalry |
| 11:43 | Build | Blacksmith |
| 11:55 | Build | House |
| 12:03 | Build | Farm |
| 12:27 | Queue | Villager (Male) |
| 12:27 | Queue | Villager (Male) |
| 12:28 | Queue | Villager (Male) |
| 12:28 | Queue | Villager (Male) |
| 12:33 | Queue | Scout Cavalry |
| 12:51 | Build | Lumber Camp |
| 13:19 | Build | Farm |
| 13:29 | Queue | Spearman |
| 13:35 | Build | House |
| 13:53 | Queue | Villager (Male) |
| 13:53 | Queue | Villager (Male) |
| 13:59 | Build | Farm |
| 14:01 | Build | Farm |
| 14:16 | Build | House |
| 14:30 | Queue | Villager (Male) |
| 14:30 | Queue | Villager (Male) |
| 14:38 | Build | Farm |
| 14:41 | Build | Farm |
| 14:44 | Build | Farm |
| 15:01 | Build | Palisade Wall |
| 15:13 | Build | Mining Camp |
| 15:19 | Queue | Villager (Male) |
| 15:36 | Queue | Villager (Male) |
| 15:39 | Build | Farm |
| 15:44 | Build | Farm |
| 16:19 | Queue | Villager (Male) |
| 16:19 | Queue | Villager (Male) |
| 16:23 | Research | Wheelbarrow |
| 16:50 | Build | House |
| 16:52 | Build | House |
| 16:59 | Queue | Spearman |
| 17:11 | Build | Market |
| 17:45 | Queue | Villager (Male) |
| 17:46 | Queue | Villager (Male) |
| 18:24 | Build | House |
| 18:25 | Build | House |
| 18:26 | Build | House |
| 18:51 | Build | Archery Range |
| 18:56 | Research | Castle Age |
| 19:31 | Build | Mining Camp |
| 19:48 | Queue | Scout Cavalry |
| 19:48 | Queue | Scout Cavalry |
| 19:54 | Build | House |
| 20:11 | Research | Fletching |
| 20:22 | Build | House |
| 20:34 | Queue | Spearman |
| 20:41 | Build | Palisade Wall |
| 20:54 | Build | House |
| 20:56 | Build | House |
| 21:33 | Build | House |
| 21:36 | Age | Castle Age |
| 21:39 | Queue | Battle Elephant |
| 21:45 | Queue | Elephant Archer |
| 21:46 | Queue | Elephant Archer |
| 21:47 | Queue | Elephant Archer |
| 22:06 | Build | Farm |
| 22:48 | Queue | Elephant Archer |
| 22:51 | Research | Bodkin Arrow |
| 22:56 | Build | University |
| 23:16 | Queue | Battle Elephant |
| 23:16 | Queue | Battle Elephant |
| 23:17 | Queue | Villager (Male) |
| 23:18 | Queue | Villager (Male) |
| 23:25 | Build | Town Center |
| 23:42 | Research | Husbandry |
| 23:53 | Build | Siege Workshop |
| 24:05 | Queue | Villager (Male) |
| 24:05 | Queue | Villager (Male) |
| 24:19 | Build | Palisade Gate |
| 24:24 | Research | Padded Archer Armor |
| 24:36 | Queue | Elephant Archer |
| 24:36 | Queue | Elephant Archer |
| 24:37 | Queue | Elephant Archer |
| 24:44 | Queue | Armored Elephant |
| 24:49 | Build | Monastery |
| 24:55 | Queue | Villager (Male) |
| 25:01 | Build | Farm |
| 25:01 | Build | Farm |
| 25:02 | Build | Farm |
| 25:02 | Build | Farm |
| 25:02 | Build | Farm |
| 25:02 | Build | Farm |
| 25:03 | Build | Farm |
| 25:03 | Build | Farm |
| 25:03 | Build | Farm |
| 25:50 | Queue | Elephant Archer |
| 25:55 | Build | Farm |
| 26:16 | Research | Light Cavalry (upgrade) |
| 26:17 | Queue | Scout Cavalry |
| 26:18 | Queue | Scout Cavalry |
| 27:01 | Queue | Elephant Archer |
| 27:01 | Queue | Elephant Archer |
| 27:36 | Queue | Battle Elephant |
| 27:51 | Queue | Villager (Male) |
Build order — LMG_SON SABANDIJAS
First 150 of 266 actions detected
| 0:01 | Queue | Villager (Male) |
| 0:01 | Queue | Villager (Male) |
| 0:02 | Build | House |
| 0:04 | Build | House |
| 0:12 | Queue | Villager (Male) |
| 0:18 | Queue | Villager (Male) |
| 0:18 | Queue | Villager (Male) |
| 1:39 | Queue | Villager (Male) |
| 1:39 | Queue | Villager (Male) |
| 1:45 | Build | Lumber Camp |
| 2:20 | Queue | Villager (Male) |
| 2:20 | Queue | Villager (Male) |
| 2:20 | Queue | Villager (Male) |
| 2:57 | Queue | Villager (Male) |
| 2:57 | Queue | Villager (Male) |
| 2:58 | Queue | Villager (Male) |
| 3:10 | Queue | Villager (Male) |
| 3:11 | Queue | Villager (Male) |
| 3:11 | Queue | Villager (Male) |
| 3:32 | Build | House |
| 3:37 | Queue | Villager (Male) |
| 3:37 | Queue | Villager (Male) |
| 3:37 | Queue | Villager (Male) |
| 3:52 | Queue | Villager (Male) |
| 3:52 | Queue | Villager (Male) |
| 3:53 | Queue | Villager (Male) |
| 4:10 | Queue | Villager (Male) |
| 4:10 | Queue | Villager (Male) |
| 4:40 | Queue | Villager (Male) |
| 4:40 | Queue | Villager (Male) |
| 4:44 | Build | Mill |
| 5:34 | Queue | Villager (Male) |
| 5:34 | Queue | Villager (Male) |
| 6:32 | Queue | Villager (Male) |
| 6:37 | Research | Loom |
| 7:26 | Research | Feudal Age |
| 7:44 | Queue | Villager (Male) |
| 7:44 | Queue | Villager (Male) |
| 7:48 | Build | House |
| 7:53 | Build | House |
| 8:08 | Build | Mill |
| 8:14 | Queue | Villager (Male) |
| 8:14 | Queue | Villager (Male) |
| 8:23 | Build | Barracks |
| 9:23 | Build | Palisade Gate |
| 9:42 | Age | Feudal Age |
| 9:45 | Build | Stable |
| 9:56 | Research | Double-Bit Axe |
| 10:05 | Build | House |
| 10:07 | Build | Palisade Wall |
| 10:09 | Queue | Villager (Male) |
| 10:25 | Queue | Scout Cavalry |
| 10:25 | Queue | Scout Cavalry |
| 10:25 | Queue | Scout Cavalry |
| 10:28 | Queue | Spearman |
| 10:36 | Queue | Villager (Male) |
| 10:39 | Build | House |
| 10:53 | Queue | Scout Cavalry |
| 10:53 | Queue | Scout Cavalry |
| 10:59 | Build | Palisade Wall |
| 11:20 | Build | Farm |
| 11:21 | Build | Farm |
| 11:21 | Build | Farm |
| 11:21 | Build | Farm |
| 11:21 | Build | Farm |
| 11:22 | Queue | Villager (Male) |
| 11:37 | Build | House |
| 11:39 | Build | Palisade Wall |
| 11:58 | Build | House |
| 12:08 | Queue | Villager (Male) |
| 12:13 | Queue | Scout Cavalry |
| 12:13 | Queue | Scout Cavalry |
| 12:18 | Build | House |
| 12:23 | Build | House |
| 12:26 | Build | Farm |
| 12:28 | Build | Farm |
| 12:33 | Build | Blacksmith |
| 12:39 | Queue | Villager (Male) |
| 12:39 | Queue | Villager (Male) |
| 12:40 | Queue | Villager (Male) |
| 12:40 | Queue | Villager (Male) |
| 12:43 | Build | Farm |
| 12:51 | Build | House |
| 12:54 | Queue | Villager (Male) |
| 12:55 | Queue | Villager (Male) |
| 12:55 | Queue | Villager (Male) |
| 13:23 | Queue | Villager (Male) |
| 13:24 | Queue | Villager (Male) |
| 13:24 | Queue | Villager (Male) |
| 13:30 | Queue | Villager (Male) |
| 13:30 | Queue | Villager (Male) |
| 13:31 | Queue | Villager (Male) |
| 13:45 | Build | Farm |
| 13:47 | Build | Farm |
| 13:51 | Queue | Villager (Male) |
| 13:51 | Queue | Villager (Male) |
| 13:52 | Queue | Villager (Male) |
| 14:04 | Queue | Villager (Male) |
| 14:09 | Build | Farm |
| 14:12 | Build | House |
| 14:15 | Queue | Villager (Male) |
| 14:32 | Build | Palisade Wall |
| 14:36 | Build | Farm |
| 14:37 | Build | Farm |
| 14:38 | Queue | Scout Cavalry |
| 14:38 | Queue | Scout Cavalry |
| 14:49 | Build | Farm |
| 14:56 | Build | Farm |
| 14:59 | Research | Horse Collar |
| 14:59 | Research | Horse Collar |
| 15:16 | Build | Farm |
| 15:19 | Build | Farm |
| 15:33 | Build | Farm |
| 15:47 | Queue | Villager (Male) |
| 15:50 | Build | Farm |
| 15:52 | Research | Forging |
| 15:54 | Queue | Villager (Male) |
| 16:10 | Build | House |
| 16:14 | Queue | Villager (Male) |
| 16:14 | Queue | Villager (Male) |
| 16:33 | Queue | Villager (Male) |
| 16:40 | Build | House |
| 17:16 | Queue | Villager (Male) |
| 17:20 | Build | House |
| 17:20 | Queue | Villager (Male) |
| 17:23 | Build | Farm |
| 17:24 | Queue | Villager (Male) |
| 17:45 | Build | Mining Camp |
| 17:48 | Build | Farm |
| 17:51 | Queue | Villager (Male) |
| 18:27 | Queue | Villager (Male) |
| 18:38 | Build | Farm |
| 18:47 | Queue | Villager (Male) |
| 19:01 | Build | Farm |
| 19:19 | Research | Scale Barding Armor |
| 19:36 | Research | Castle Age |
| 20:10 | Queue | Spearman |
| 20:10 | Queue | Spearman |
| 21:11 | Queue | Villager (Male) |
| 21:11 | Queue | Villager (Male) |
| 21:12 | Queue | Villager (Male) |
| 21:41 | Build | Stable |
| 21:51 | Queue | Villager (Male) |
| 21:54 | Build | Stable |
| 21:59 | Queue | Spearman |
| 21:59 | Queue | Spearman |
| 22:05 | Queue | Villager (Male) |
| 22:11 | Research | Gold Mining |
| 22:24 | Age | Castle Age |
| 22:28 | Queue | Villager (Male) |
Match timeline
| 7:37 | Snoopy · first_building Barracks |
| 8:06 | Snoopy · wall_segment Palisade Wall x1 |
| 8:07 | Snoopy · wall_segment Palisade Wall x8 |
| 8:23 | LMG_SON SABANDIJAS · first_building Barracks |
| 8:59 | Snoopy · wall_segment Palisade Wall x11 |
| 9:25 | Snoopy · age_up feudal |
| 9:42 | LMG_SON SABANDIJAS · age_up feudal |
| 9:45 | LMG_SON SABANDIJAS · first_building Stable |
| 9:51 | Snoopy · first_building Stable |
| 10:07 | LMG_SON SABANDIJAS · wall_segment Palisade Wall x2 |
| 10:58 | Snoopy · wall_segment Palisade Wall x8 |
| 10:59 | LMG_SON SABANDIJAS · wall_segment Palisade Wall x8 |
| 11:39 | LMG_SON SABANDIJAS · wall_segment Palisade Wall x7 |
| 14:32 | LMG_SON SABANDIJAS · wall_segment Palisade Wall x1 |
| 15:01 | Snoopy · wall_segment Palisade Wall x12 |
| 18:51 | Snoopy · first_building Archery Range |
| 20:41 | Snoopy · wall_segment Palisade Wall x1 |
| 21:36 | Snoopy · age_up castle |
| 22:24 | LMG_SON SABANDIJAS · age_up castle |
| 22:36 | LMG_SON SABANDIJAS · first_building Monastery |
| 23:53 | Snoopy · first_building Siege Workshop |
| 24:49 | Snoopy · first_building Monastery |
| 28:08 | Snoopy · first_building Castle |
| 30:14 | Snoopy · first_market_buy 100 stone |
| 31:38 | Snoopy · resign |
[ AI ANALYSIS · 1 CREDIT ]
What really happened in this match?
Wolo.gg analyzes every decision: build order, eco, micro, common mistakes by bracket. Personalized analysis on WhatsApp or Discord in 30 seconds.
Civ guide
Dravidians
Perfil
Jugador #6005574